 Dungeon Crawl Stone Soup version 0.23.2-40-g277498a (webtiles) character file.

Game seed: 6420691272885359853

149 Aphrodieselac the Charmwright (level 5, -3/38 HPs)
             Began as a Merfolk Skald on Aug 29, 2019.
             Slain by an orc priest
             ... wielding a +0 war axe
              (8 damage)
             ... on level 3 of the Dungeon.
             The game lasted 00:07:12 (2778 turns).

Aphrodieselac the Charmwright (Merfolk Skald)       Turns: 2778, Time: 00:07:12

Health: -3/38      AC:  3    Str: 11    XL:     5   Next: 31%
Magic:  6/8        EV: 12    Int: 14    God:
Gold:   173        SH:  0    Dex: 13    Spells: 3/8 levels left

rFire    . . .     SeeInvis .   a - +0 spear
rCold    . . .     Gourm    .   (no shield)
rNeg     . . .     Faith    .   b - +0 leather armour
rPois    .         Spirit   .   (no helmet)
rElec    .         Reflect  .   (no cloak)
rCorr    .         Harm     .   (no gloves)
MR       .....                  (no boots)
Stlth    +.........             (no amulet)
HPRegen  0.12/turn              (no ring)
MPRegen  0.11/turn              (no ring)

@: infused
A: change form in water, swift swim, stealthy swim
a: no special abilities


You were on level 3 of the Dungeon.
You were not hungry.

You visited 1 branch of the dungeon, and saw 3 of its levels.

You collected 173 gold pieces.

Inventory:

Hand Weapons
 a - a +0 spear (weapon)
Missiles
 j - 32 sling bullets
Armour
 b - a +0 leather armour (worn)
 i - a cursed +0 leather armour
Scrolls
 e - a scroll of remove curse {unknown}
 h - a scroll of blinking {unknown}
 k - a scroll of teleportation {unknown}
 l - 2 scrolls of identify {unknown}
 m - a scroll of enchant weapon {unknown}
 o - a scroll of fog {unknown}
Potions
 c - a potion of degeneration {unknown}
 f - a potion of cancellation {unknown}
 g - a potion of haste {unknown}
 n - a potion of ambrosia {unknown}
 p - a potion of mutation {unknown}
Comestibles
 d - 2 rations


   Skills:
 - Level 2.1 Fighting
 + Level 5.0 Polearms
 - Level 0.6 Armour
 - Level 2.6 Dodging
 - Level 2.0 Spellcasting
 * Level 5.5 Charms


You had 3 spell levels left.
You knew the following spells:

 Your Spells              Type           Power        Failure   Level  Hunger
a - Infusion              Chrm           ###.         3%          1    ##.....
b - Song of Slaying       Chrm           ###.....     4%          2    ###....
c - Shroud of Golubria    Chrm/Tloc      #.........   16%         2    ###....

Your spell library contained the following spells:

 Spells                   Type           Power        Failure   Level  Hunger
 Regeneration             Chrm/Necr      #.........   30%         3    ####...
 Spectral Weapon          Hex/Chrm       #.......     30%         3    ####...


Dungeon Overview and Level Annotations

Branches:
Dungeon (3/15)

Altars:


Message History

The orc priest is moderately wounded.
The orc priest hits you with a +0 war axe!
You hit the orc priest.
The orc priest is heavily wounded.
You barely miss the orc priest.
The orc priest is heavily wounded.
The orc priest mumbles some strange prayers to Beogh against you.
Pain shoots through your body!
You barely miss the orc priest.
The orc priest is heavily wounded.
The orc priest mumbles some strange prayers to Beogh against you.
Beogh smites you!
* * * LOW HITPOINT WARNING * * *
You barely miss the orc priest.
The orc priest is heavily wounded.
The orc priest hits you but does no damage.
You hit the orc priest.
The orc priest is severely wounded.
The orc priest hits you with a +0 war axe!
You die...

# .# #.##
################...#
.......<@o......?..#
################.......
###.### .#


You could see an orc priest.

Vanquished Creatures
  Natasha (thrice) (D:2)
  2 adders (D:2)
  2 oozes
  3 dart slugs
  A leopard gecko (D:2)
  2 orcs (D:2)
  2 giant cockroaches (D:1)
  9 goblins
  4 hobgoblins
  A quokka (D:2)
  3 bats
  2 frilled lizards
  4 kobolds
  6 rats
44 creatures vanquished.

Notes
Turn   | Place    | Note
-------+----------+-------------------------------------------
     0 | D:1      | Aphrodieselac the Merfolk Skald began the quest for the
                  | Orb.
     0 | D:1      | Reached XP level 1. HP: 16/16 MP: 3/3
   217 | D:1      | Reached XP level 2. HP: 18/22 MP: 5/5
   863 | D:1      | Reached XP level 3. HP: 20/27 MP: 6/6
  1460 | D:2      | Reached XP level 4. HP: 12/33 MP: 0/7
  2095 | D:2      | Noticed Natasha
  2102 | D:2      | Killed Natasha
  2102 | D:2      | Reached skill level 5 in Charms
  2129 | D:2      | Noticed Natasha
  2142 | D:2      | Killed Natasha
  2142 | D:2      | Reached XP level 5. HP: 17/38 MP: 4/8
  2216 | D:2      | Noticed Natasha
  2253 | D:2      | Killed Natasha
  2253 | D:2      | Reached skill level 5 in Polearms
  2763 | D:2      | Learned a level 2 spell: Song of Slaying
  2766 | D:2      | Learned a level 2 spell: Shroud of Golubria
  2778 | D:3      | Slain by an orc priest

Skill      XL: |  1  2  3  4  5 |
---------------+----------------+-----
Charms         | 4 5 |  5.5
Polearms       | 4 5 |  5.0
Fighting       | |  2.1
Armour         | |  0.6
Dodging        | |  2.6
Spellcasting   | |  2.0

Action                   |  1- 3 |  4- 6 || total
-------------------------+-------+-------++-------
Melee: Spear             |   107 |    71 ||   178
 Cast: Infusion          |     4 |     6 ||    10
 Stab: Sleeping          |     1 |       ||     1
  Eat: Chunk             |     2 |     4 ||     6
Armor: Leather armour    |    10 |     5 ||    15
Dodge: Dodged            |    47 |    28 ||    75
